 Dungeon Crawl Stone Soup version 0.27.1-33-g824d729ab1 (webtiles) character file.

Game seed: 1825734429665053440

44 SensoryNuts the Ducker (level 3, -3/27 HPs)
             Began as a Demonspawn Gladiator on Dec 20, 2021.
             Slain by a gnoll (4 damage)
             ... on level 2 of the Dungeon.
             The game lasted 00:01:27 (1046 turns).

SensoryNuts the Ducker (Demonspawn Gladiator)       Turns: 1046, Time: 00:01:27

Health: -3/27      AC:  6    Str: 15    XL:     3   Next: 39%
Magic:  3/3        EV: 12    Int:  9    God:
Gold:   69         SH:  0    Dex: 14    Spells: 2/2 levels left

rFire    . . .     SeeInvis .   a - +0 long sword
rCold    . . .     Faith    .   (no shield)
rNeg     . . .     Spirit   .   b - +0 leather armour
rPois    .         Reflect  .   c - +0 helmet
rElec    .         Harm     .   (no cloak)
rCorr    .         Rampage  .   (no gloves)
Will     .....                  (no boots)
Stlth    +.........             h - amulet of regeneration
HPRegen  1.09/turn              (no ring)
MPRegen  0.08/turn              (no ring)

@: mighty
A: yellow scales 1
a: no special abilities


You were on level 2 of the Dungeon.
You visited 1 branch of the dungeon, and saw 2 of its levels.

You collected 69 gold pieces.

Inventory:

Hand Weapons
 a - a +0 long sword (weapon)
Missiles
 d - 3 throwing nets (quivered)
Armour
 b - a +0 leather armour (worn)
 c - a +0 helmet (worn)
Jewellery
 h - an amulet of regeneration (around neck)
Scrolls
 e - 2 scrolls of amnesia
 g - a scroll of torment {unknown}
 i - a scroll of enchant armour {unknown}
Potions
 j - a potion of haste


   Skills:
 + Level 2.2 Fighting
 + Level 3.1 Long Blades
 + Level 1.8 Throwing
 + Level 0.7 Armour
 + Level 3.4 Dodging


You had 2 spell levels left.
You didn't know any spells.
Your spell library contained the following spells:

 Spells                   Type           Power      Damage    Failure   Level
 Ensorcelled Hibernation  Hex/Ice        0%         N/A       58%         2
 Spider Form              Tmut/Pois      0%         N/A       83%         3
 Shadow Creatures         Summ           N/A        N/A       100%        6


Dungeon Overview and Level Annotations

Branches:
Dungeon (2/15)

Altars:


Innate Abilities, Weirdness & Mutations

You are partially covered in yellow scales. (AC +2)


Message History

The rat moves out of view.
You see here a quokka corpse.
The ball python hisses angrily.
You slash the kobold!
You kill the kobold!
You hear an angry hiss.
A ball python comes into view.
You hit the kobold.
The kobold is severely wounded.
The kobold hits you but does no damage.
You are poisoned.
An adder skeleton comes into view.
You hit the kobold.
You kill the kobold!
You feel very sick.
You closely miss the hobgoblin.
You feel sick. The hobgoblin closely misses you.
The gnoll hits you from afar with a +0 halberd.
You feel sick.
It was a potion of might.
You feel very mighty all of a sudden.
You feel sick.
The hobgoblin hits you but does no damage.
The gnoll closely misses you.
You slash the hobgoblin!
You kill the hobgoblin!
You feel sick.
The gnoll hits you from afar with a +0 halberd!
You feel sick. The gnoll hits you with a +0 halberd!
* * * LOW HITPOINT WARNING * * *
You see here a quokka corpse.
Your leather armour prevents you from hitting the gnoll.
You feel sick. The gnoll hits you with a +0 halberd.
* * * LOW HITPOINT WARNING * * *
You barely miss the gnoll.
You feel sick.
You are no longer poisoned.
The ball python closely misses you.
You riposte.
You barely miss the ball python. The ball python closely misses you.
The gnoll hits you with a +0 halberd.
You die...

#.........<..# #.#
##..........)#
#.### ##
######.##..## #...
... #.##..#
###.### # ###
#.##..# #.#...#.#
#.##..####.......
#.##..........#
#.##..Z###...#..#
###
#.##)..S@grr...#
#).
..##...###S.#.....
### .#######
#......## #....#..
#K#...# #...#..#
....r...#
#........


You could see a gnoll, 2 ball pythons, 2 rats and an adder skeleton.

Vanquished Creatures
  An adder (D:2)
  A ball python (D:1)
  An endoplasm (D:2)
  A giant cockroach (D:1)
  3 goblins
  4 hobgoblins
  4 jackals (D:1)
  4 quokkas
  4 bats
  2 frilled lizards
  4 kobolds
  2 rats
31 creatures vanquished.

Notes
Turn   | Place    | Note
-------+----------+-------------------------------------------
     0 | D:1      | SensoryNuts the Demonspawn Gladiator began the quest for
                  | the Orb.
     0 | D:1      | Reached XP level 1. HP: 16/16 MP: 1/1
    91 | D:1      | Gained mutation: You are partially covered in yellow
                  | scales. (AC +2) [demonic ancestry]
    91 | D:1      | Reached XP level 2. HP: 9/22 MP: 2/2
   718 | D:2      | Reached XP level 3. HP: 27/27 MP: 3/3
  1045 | D:2      | HP: 1/27 [gnoll (2)]
  1046 | D:2      | Slain by a gnoll

Illustrated notes

Levels and vault maps discovered:
D:1:      lordsloth_arrival_two_stooges, layout_rooms, serial_aquarium,
          aquarium_bridge_square [aquarium_subvault_bridge,
          aquarium_subvault_window, aquarium_subvault_wall,
          aquarium_subvault_bridge], aquarium_window_1,
          aquarium_window_corridor_2, aquarium_view_2c, aquarium_view_2b,
          aquarium_pool_corner
D:2:      layout_loops_ring, minmay_increasing_density

Skill      XL: |  1  2 |
---------------+-------+-----
Dodging        | 3 |  3.4
Long Blades    | 3 |  3.1
Fighting       | |  2.2
Throwing       | |  1.8
Armour         | |  0.7

Action                   || total
-------------------------++-------
Melee: Long sword        ||    75
  Use: Scroll            ||     2
       Potion            ||     2
Armor: Leather armour    ||    39
Dodge: Dodged            ||    92
       Rpst.: Long sword ||    31
